 Dungeon Crawl Stone Soup version 0.27.1-34-g3ba077fa99 (webtiles) character file.

Game seed: 10890636132893546844

3240 zeram the Destroyer (level 9, -18/66 HPs)
             Began as a Gnoll Conjurer on Jan 3, 2022.
             Was an Initiate of Gozag.
             Demolished by a boulder beetle (26 damage)
             ... on level 9 of the Dungeon.
             The game lasted 00:15:13 (9939 turns).

zeram the Destroyer (Gnoll Conjurer)                Turns: 9939, Time: 00:15:14

Health: -18/66     AC: 10    Str:  8    XL:     9   Next: 99%
Magic:  5/19       EV: 14    Int: 20    God:    Gozag
Gold:   616        SH:  0    Dex: 10    Spells: 12/22 levels left

rFire    + . .     SeeInvis .   c - +0 short sword (flame)
rCold    . . .     Faith    .   (no shield)
rNeg     . . .     Spirit   .   a - +2 robe
rPois    .         Reflect  .   (no helmet)
rElec    .         Harm     .   j - +2 cloak
rCorr    .         Rampage  .   (no gloves)
Will     .....                  n - +2 pair of boots
Stlth    +++.......             (no amulet)
HPRegen  0.21/turn              e - ring of protection from fire
MPRegen  0.16/turn              (no ring)

@: hasted, very quick
A: fangs 1, strong nose, distributed training
a: Renounce Religion, Potion Petition, Call Merchant, Bribe Branch


You were on level 9 of the Dungeon.
You worshipped Gozag.
Gozag was pleased with you.
You visited 2 branches of the dungeon, and saw 9 of its levels.

You collected 692 gold pieces.
You paid 76 gold pieces to Gozag.

Inventory:

Hand Weapons
 c - a +0 short sword of flaming (weapon)
Missiles
 v - a throwing net
Armour
 a - a +2 robe (worn)
 j - a +2 cloak (worn)
 n - a +2 pair of boots (worn)
Jewellery
 e - a ring of protection from fire (left hand)
 m - the amulet "Quuthali" {Acrobat Harm rPois rC+}
   (You found it on level 6 of the Dungeon)

   [amulet of the acrobat]

   It increases your evasion while moving and waiting.
   rC:        It protects you from cold.
   rPois:     It protects you from poison.
   Harm:      It increases damage dealt and taken.
Wands
 p - a wand of digging (5)
Potions
 b - 2 potions of curing
 d - a potion of magic
 f - a potion of haste
 g - a potion of degeneration
 h - a potion of cancellation
 i - 2 potions of ambrosia
 k - a potion of lignification {unknown}
 o - a potion of berserk rage {unknown}
 s - a potion of might {unknown}
 t - a potion of attraction {unknown}
 u - a potion of resistance {unknown}
 w - a potion of brilliance {unknown}


   Skills:
 + Level 4.7 Fighting
 + Level 4.7 Short Blades
 + Level 4.7 Long Blades
 + Level 4.7 Axes
 + Level 4.7 Maces & Flails
 + Level 4.7 Polearms
 + Level 4.7 Staves
 + Level 4.7 Slings
 + Level 4.7 Bows
 + Level 4.7 Crossbows
 + Level 4.7 Throwing
 + Level 4.7 Armour
 + Level 6.7 Dodging
 + Level 6.4 Stealth
 + Level 4.7 Shields
 + Level 4.7 Unarmed Combat
 + Level 7.0 Spellcasting
 + Level 8.2 Conjurations
 + Level 3.9 Hexes
 + Level 3.9 Summonings
 + Level 3.9 Necromancy
 + Level 3.9 Translocations
 + Level 3.9 Transmutations
 + Level 3.9 Fire Magic
 + Level 3.9 Ice Magic
 + Level 3.9 Air Magic
 + Level 3.9 Earth Magic
 + Level 3.9 Poison Magic
 + Level 5.2 Invocations
 + Level 4.7 Evocations


You had 12 spell levels left.
You knew the following spells:

 Your Spells              Type           Power      Damage    Failure   Level
a - Magic Dart            Conj           100%       1d8       1%          1
b - Searing Ray           Conj           80%        3d6       1%          2
c - Dazzling Flash        Conj/Hex       62%        N/A       2%          3
d - Iskenderun's Mystic   Conj/Tloc      31%        2d8       8%          4

Your spell library contained the following spells:

 Spells                   Type           Power      Damage    Failure   Level
 Fulminant Prism          Conj/Hex       15%        3d11      8%          4
 Starburst                Conj/Fire      15%        6d6       75%         6


Dungeon Overview and Level Annotations

Branches:
Dungeon (9/15)             Temple (1/1) D:6
   Lair: D:8-11         Orc: D:9-12

Altars:
Ashenzari
Cheibriados
Dithmenos
Elyvilon
Fedhas
Gozag
Hepliaklqana
Kikubaaqudgha
Makhleb
Nemelex Xobeh
Okawaru
Qazlal
Ru
Sif Muna
Trog
Uskayaw
Vehumet
Wu Jian
Xom
Yredelemnul
Zin
The Shining One

Shops:
D:1 =   D:2 :   D:6 :

Annotations:
D:8 exclusions: ice statue and obsidian statue


Innate Abilities, Weirdness & Mutations

You have very sharp teeth.
Your uncanny sense of smell can sniff out nearby items.
Your experience applies equally to all skills.


Message History

Casting: Magic Dart (safe; 1% risk of failure)
Confirm with . or Enter, or press ? or * to list all spells.
Aiming: Searing Ray (safe; 1% risk of failure)
Press: ? - help, Shift-Dir - straight line, f/p - boulder beetle
Aim: a boulder beetle (100% to hit)
The searing ray hits the boulder beetle.
The boulder beetle is lightly wounded. (Press . to maintain the ray.)
The searing ray hits the boulder beetle.
The boulder beetle is lightly wounded.
The searing ray hits the boulder beetle!
The boulder beetle is moderately wounded.
The searing ray hits the boulder beetle.
The boulder beetle is moderately wounded.
You finish channeling your searing ray.
The boulder beetle bites you!!
Unknown command.
Casting: Searing Ray (safe; 1% risk of failure)
Confirm with . or Enter, or press ? or * to list all spells.
Aiming: Searing Ray (safe; 1% risk of failure)
Press: ? - help, Shift-Dir - straight line, f/p - boulder beetle
Aim: a boulder beetle (moderately wounded, 100% to hit)
The searing ray hits the boulder beetle but does no damage.
The boulder beetle is moderately wounded. (Press . to maintain the ray.)
The boulder beetle bites you!
The searing ray hits the boulder beetle but does no damage.
The boulder beetle is moderately wounded.
The boulder beetle bites you!!
* * * LOW HITPOINT WARNING * * *
Found 11 poisoned darts.
Things that are here:
8 gold pieces; a +0 dagger; a +0 robe
Found 14 gold pieces.
The boulder beetle curls into a ball and begins rolling!
The boulder beetle hits you but does no damage.
The boulder beetle stops rolling and uncurls.
You aren't carrying any scrolls.
You feel yourself speed up. The boulder beetle bites you!!
You die...
Your body crumbles into a pile of gold.

$ #.....# #...
##########.....# #...
#.......(......# ####
...............# #
...............#
...............# ######
...............####.....
.........$..............
.......@B..###..........
############ #.$$.......
#.......... #.....>...#
#.........# #.........+
#.........# ########'##
#.#


You could see a boulder beetle.

Vanquished Creatures
  Pikel (D:4)
  A hornet (D:9)
  Grinder (D:3)
  3 steam dragons
  An acid dragon (D:8)
  A water moccasin (D:6)
  A hornet zombie (D:8)
  A black bear (D:4)
  2 necrophages (D:7)
  3 ogres
  3 centaurs
  2 lemures (D:4)
  2 gnoll sergeants
  A scorpion (D:6)
  A bullfrog (D:7)
  2 hounds (D:6)
  Crazy Yiuf (D:6)
  2 centaur skeletons
  2 jellies
  2 bullfrog skeletons
  2 gnoll shamans (D:7)
  Natasha (twice) (D:4)
  2 orc wizards
  A howler monkey zombie (D:7)
  2 howler monkey skeletons (D:7)
  16 gnolls
  5 adders
  A white imp (D:6)
  2 worms
  17 orcs
  A bat (D:1)
  7 endoplasms
  3 giant cockroaches
  2 goblins (D:1)
  2 hobgoblins (D:4)
  7 jackals (D:1)
  3 kobolds (D:1)
  A quokka (D:4)
  5 ball pythons
  5 frilled lizards
  4 rats
123 creatures vanquished.

Notes
Turn   | Place    | Note
-------+----------+-------------------------------------------
     0 | D:1      | zeram the Gnoll Conjurer began the quest for the Orb.
     0 | D:1      | Reached XP level 1. HP: 13/13 MP: 6/6
   136 | D:1      | Reached XP level 2. HP: 18/19 MP: 4/7
   553 | D:1      | Learned a level 2 spell: Searing Ray
   797 | D:1      | Reached XP level 3. HP: 23/25 MP: 3/9
   910 | D:1      | Found Legrutog's Jewellery Shoppe.
   980 | D:1      | Reached skill level 5 in Spellcasting
  1011 | D:1      | Found a faded altar of an unknown god.
  1779 | D:2      | Reached skill level 1 in Invocations
  1873 | D:2      | Found Uzyquts's Book Boutique.
  2341 | D:3      | Reached skill level 1 in Fighting
  2341 | D:3      | Reached skill level 1 in Short Blades
  2341 | D:3      | Reached skill level 1 in Long Blades
  2341 | D:3      | Reached skill level 1 in Axes
  2341 | D:3      | Reached skill level 1 in Maces & Flails
  2341 | D:3      | Reached skill level 1 in Polearms
  2341 | D:3      | Reached skill level 1 in Staves
  2341 | D:3      | Reached skill level 1 in Slings
  2341 | D:3      | Reached skill level 1 in Bows
  2341 | D:3      | Reached skill level 1 in Crossbows
  2341 | D:3      | Reached skill level 1 in Throwing
  2341 | D:3      | Reached skill level 1 in Armour
  2341 | D:3      | Reached skill level 1 in Shields
  2341 | D:3      | Reached skill level 1 in Unarmed Combat
  2341 | D:3      | Reached skill level 1 in Evocations
  2344 | D:3      | HP: 1/26 [poisoned by an adder]
  2403 | D:3      | Reached XP level 4. HP: 7/32 MP: 6/11
  3171 | D:3      | Noticed Grinder
  3178 | D:3      | Killed Grinder
  3179 | D:3      | Reached skill level 1 in Hexes
  3179 | D:3      | Reached skill level 1 in Summonings
  3179 | D:3      | Reached skill level 1 in Necromancy
  3179 | D:3      | Reached skill level 1 in Translocations
  3179 | D:3      | Reached skill level 1 in Transmutations
  3179 | D:3      | Reached skill level 1 in Fire Magic
  3179 | D:3      | Reached skill level 1 in Ice Magic
  3179 | D:3      | Reached skill level 1 in Air Magic
  3179 | D:3      | Reached skill level 1 in Earth Magic
  3179 | D:3      | Reached skill level 1 in Poison Magic
  3179 | D:3      | Reached XP level 5. HP: 32/38 MP: 3/12
  3179 | D:3      | Reached XP level 6. HP: 37/44 MP: 3/14
  3183 | D:3      | Learned a level 3 spell: Dazzling Flash
  3188 | D:3      | Learned a level 4 spell: Iskenderun's Mystic Blast
  3553 | D:4      | Noticed Pikel
  3578 | D:4      | Killed Pikel
  3579 | D:4      | Reached skill level 5 in Dodging
  3579 | D:4      | Reached skill level 5 in Stealth
  3579 | D:4      | Reached XP level 7. HP: 29/51 MP: 2/15
  4078 | D:4      | Reached XP level 8. HP: 57/57 MP: 12/16
  4519 | D:4      | Noticed Natasha
  4524 | D:4      | Killed Natasha
  4692 | D:4      | Noticed Natasha
  4695 | D:4      | Killed Natasha
  4795 | D:4      | You fall into a shaft and drop 2 floors!
  4954 | D:6      | Found a sacrificial altar of Ru.
  5306 | D:6      | Found Hefur's Self-Improvement Boutique.
  5723 | D:6      | Identified the amulet "Quuthali" {Acrobat Harm rPois rC+}
  5803 | D:6      | Found a staircase to the Ecumenical Temple.
  5995 | D:6      | Found a runed translucent door.
  5996 | D:6      | Noticed Crazy Yiuf
  6177 | Temple   | Entered the Ecumenical Temple
  6334 | Temple   | Became a worshipper of Gozag Ym Sagoz the Greedy
  6618 | D:6      | Killed Crazy Yiuf
  7056 | D:7      | Reached XP level 9. HP: 41/65 MP: 12/18
  7548 | D:7      | Reached skill level 8 in Conjurations
  8182 | D:8      | Noticed an obsidian statue
  8487 | D:8      | Noticed an ice statue
  8538 | D:8      | HP: 1/66 [steam dragon/ball of steam (21)]
  8544 | D:8      | HP: 1/66 [something (6)]
  8545 | D:8      | Reached skill level 5 in Invocations
  9088 | D:9      | Noticed a hornet
  9097 | D:9      | Killed a hornet
  9354 | D:9      | Noticed a boulder beetle
  9939 | D:9      | Demolished by a boulder beetle

Illustrated notes

Levels and vault maps discovered:
D:1:      dpeg_arrival_refuge, layout_basic,
          hellmonk_ecumenical_altar_crossroads, serial_shops,
          nicolae_shop_competitors_out_of_business, minmay_crystal_room
D:2:      layout_loops_ring, serial_shops, shop, minmay_hedge_maze
D:3:      layout_basic, uniq_grinder
D:4:      cheibrodos_quashed, layout_basic, glass_columns_a,
          kennysheep_generic_room_9, uniq_natasha, uniq_pikel
D:6:      layout_basic, overflow_temple_1_default, temple_hall_moat,
          nicolae_shop_self_help, uniq_crazy_yiuf_cottage
D:7:      layout_loops_ring
D:8:      minmay_separated_statues, layout_rooms, minmay_door_square
D:9:      layout_basic, ebering_ghost_xom
Temple:   kilobyte_greek_temple

Skill      XL: |  1  2  3  4  5  6  7  8  9 |
---------------+----------------------------+-----
Spellcasting   | 5 6 7 |  7.0
Invocations    | 1 2 3 4 5 |  5.2
Fighting       | 1 2 3 4 |  4.7
Short Blades   | 1 2 3 4 |  4.7
Long Blades    | 1 2 3 4 |  4.7
Axes           | 1 2 3 4 |  4.7
Maces & Flails | 1 2 3 4 |  4.7
Polearms       | 1 2 3 4 |  4.7
Staves         | 1 2 3 4 |  4.7
Slings         | 1 2 3 4 |  4.7
Bows           | 1 2 3 4 |  4.7
Crossbows      | 1 2 3 4 |  4.7
Throwing       | 1 2 3 4 |  4.7
Armour         | 1 2 3 4 |  4.7
Shields        | 1 2 3 4 |  4.7
Unarmed Combat | 1 2 3 4 |  4.7
Evocations     | 1 2 3 4 |  4.7
Hexes          | 1 2 3 |  3.9
Summonings     | 1 2 3 |  3.9
Necromancy     | 1 2 3 |  3.9
Translocations | 1 2 3 |  3.9
Transmutations | 1 2 3 |  3.9
Fire Magic     | 1 2 3 |  3.9
Ice Magic      | 1 2 3 |  3.9
Air Magic      | 1 2 3 |  3.9
Earth Magic    | 1 2 3 |  3.9
Poison Magic   | 1 2 3 |  3.9
Dodging        | 5 6 |  6.7
Stealth        | 5 6 |  6.4
Conjurations   | 8 |  8.2

Action                   |  1- 3 |  4- 6 |  7- 9 || total
-------------------------+-------+-------+-------++-------
Melee: Unarmed           |     2 |       |       ||     2
       Short sword       |    46 |     8 |   118 ||   172
       Bite              |     1 |       |     7 ||     8
       Punch             |       |       |     1 ||     1
 Cast: Magic Dart        |    23 |     5 |    13 ||    41
       Searing Ray       |     5 |    11 |    60 ||    76
  Use: Scroll            |     4 |       |    12 ||    16
       Potion            |       |       |     6 ||     6
 Stab: Sleeping          |     6 |       |     7 ||    13
Armor: Robe              |    11 |     1 |    49 ||    61
Dodge: Dodged            |    30 |    14 |   134 ||   178
